 Dungeon Crawl Stone Soup version 0.30-a0-782-ge64f9170bb (webtiles) character file.

Game seed: 11125593970947572528

6415 HoaS the Marksgargoyle (level 10, -17/54 HPs)
             Began as a Gargoyle Hunter on Feb 22, 2023.
             Was a Follower of Zin.
             Killed from afar by an acid dragon (23 damage)
             ... with a splash of acid
             ... on level 10 of the Dungeon.
             The game lasted 00:19:06 (10245 turns).

HoaS the Marksgargoyle (Gargoyle Hunter)           Turns: 10245, Time: 00:19:06

Health: -17/54     AC: 17    Str: 14    XL:     10   Next: 98%
Magic:  12/12      EV: 17    Int: 11    God:    Zin [*.....]
Gold:   198        SH:  0    Dex: 17    Spells: 9/9 levels left

rFire   . . .      SeeInvis +    a - +1 shortbow
rCold   . . .      Faith    .    (shield currently unavailable)
rNeg    + . .      Spirit   .    v - +3 leather armour
rPois   ∞          Reflect  .    m - +2 helmet {SInv}
rElec   +          Harm     .    (no cloak)
rCorr   .          Rampage  .    p - +2 pair of gloves {Stlth+}
Will    .....                    h - +1 pair of boots
Stlth   +++                      (no amulet)
HPRegen 0.29/turn                s - ring of flight
MPRegen 0.13/turn                c - +5 ring of evasion

@: corroded, flying, hasted (expiring), very quick
A: sickness immunity, AC +7, negative energy resistance 1, electricity
resistance, torment resistance 1, petrification resistance
a: Renounce Religion, Recite, Donate Gold


You were on level 10 of the Dungeon.
You worshipped Zin.
Zin was aware of your devotion.
You visited 2 branches of the dungeon, and saw 11 of its levels.
You also visited: Sewer and Bailey.

You collected 499 gold pieces.
You spent 279 gold pieces at shops.
You donated 22 gold pieces to Zin.

Inventory:

Hand Weapons
 a - a +1 shortbow (weapon)
Armour
 h - a +1 pair of boots (worn)
 m - a +2 helmet of see invisible (worn)
 p - a +2 pair of gloves of stealth (worn)
 v - a +3 leather armour (worn)
Jewellery
 c - a +5 ring of evasion (right hand)
 s - a ring of flight (left hand)
Wands
 d - a wand of flame (39)
Scrolls
 b - 4 scrolls of immolation
 f - 2 scrolls of teleportation
 g - 4 scrolls of fear
 j - 5 scrolls of identify
 n - 2 scrolls of fog
 o - a scroll of poison
 t - 2 scrolls of enchant weapon
 w - a scroll of enchant armour
 y - a scroll of magic mapping
Potions
 e - 3 potions of resistance
 i - 5 potions of curing
 k - 3 potions of haste
 l - 3 potions of flight
 q - a potion of attraction
 r - a potion of cancellation
 z - a potion of mutation {unknown}


   Skills:
 * Level 2.7 Fighting
 - Level 16.0 Ranged Weapons
 * Level 2.0 Dodging
 - Level 1.1 Stealth
 + Level 3.2 Invocations


You had 9 spell levels left.
You didn't know any spells.
Your spell library contained the following spells:

 Spells                   Type           Power      Damage    Failure   Level
 Magic Dart               Conj           0%         1d3       41%         1
 Sandblast                Erth           0%         2d4       41%         1
 Passwall                 Tmut/Erth      0%         N/A       56%         2
 Stone Arrow              Conj/Erth      0%         3d7       80%         3
 Animate Armour           Summ/Erth      0%         N/A       99%         4
 Dispel Undead            Necr           0%         3d6       99%         4
 Olgreb's Toxic Radiance  Pois           0%         N/A       99%         4
 Death Channel            Necr           0%         N/A       100%        6
 Ozocubu's Refrigeration  Ice            0%         4d7       100%        7
 Ignition                 Fire           0%         3d3       100%        8
 Lehudib's Crystal Spear  Conj/Erth      0%         10d2      100%        8
 Cigotuvi's Dreadful Rot  Necr/Pois/Air  Unusable   N/A       N/A         2

Dungeon Overview and Level Annotations

Branches:
Dungeon (10/15)            Temple (1/1) D:4           Sewer (visited)
 Bailey (visited)
   Lair: D:8-11         Orc: D:9-12

Altars:
Ashenzari
Cheibriados
Dithmenos
Elyvilon
Fedhas
Gozag
Hepliaklqana
Kikubaaqudgha
Makhleb
Nemelex Xobeh
Okawaru
Qazlal
Ru
Sif Muna
Trog
Uskayaw
Vehumet
Wu Jian
Xom
Yredelemnul
Zin
The Shining One

Shops:
D:2 [   D:8 ==*=

Annotations:
D:5 3 runed translucent doors, ma3's ghost, novice DjVM
D:10 Urug


Innate Abilities, Weirdness & Mutations

You are immune to sickness and miasma.
Your stone body is resilient. (AC +7)
You are immune to poison.
You resist negative energy. (rN+)
You are resistant to electric shocks. (rElec)
You are resistant to unholy torment.
You are immune to petrification.


Message History

You shoot an arrow. The arrow closely misses Urug.
You shoot an arrow. The arrow hits Urug but does no damage.
Urug is heavily wounded.
The acid dragon spits acid at you. The splash of acid hits you.
The acid corrodes you!
Urug hits you with a +2 scimitar of protection!
You shoot an arrow. The arrow hits Urug!
Urug is severely wounded.
You shoot an arrow. The arrow barely misses Urug.
Urug hits you with a +2 scimitar of protection.
You shoot an arrow. The arrow hits Urug but does no damage.
Urug is severely wounded.
You shoot an arrow. The arrow closely misses Urug.
Urug hits you but does no damage.
You shoot an arrow. The arrow hits Urug.
Urug is severely wounded.
You shoot an arrow. The arrow hits Urug.
Urug is almost dead.
Urug hits you with a +2 scimitar of protection!
* * * LOW HITPOINT WARNING * * *
You shoot an arrow. The arrow hits Urug but does no damage.
Urug is almost dead.
You shoot an arrow. The arrow barely misses Urug.
The acid dragon bites you but does no damage.
The acid dragon barely misses you. Urug barely misses you.
You shoot an arrow. The arrow hits Urug but does no damage.
Urug is almost dead.
You feel better.
The acid dragon bites you but does no damage.
The acid dragon misses you.
Urug hits you with a +2 scimitar of protection!
* * * LOW HITPOINT WARNING * * *
Okay, then.
Blink to where?
Press: ? - help, Dir - move target, p - Urug
As you read the scroll of blinking, it crumbles to dust.
Your extra speed is starting to run out.
The acid dragon spits acid at you. The splash of acid hits you!!
You die...

#.##.# #... #.#.. .$.
#.#.# ... ##... .. #
#.....# ###.### #. #.
#..###.....#.. #.##.
#o............
.#..#.##§D!..@.......
...=...!.!...........
.....................
.......))............
.....................
.####..#.............
#...................
#...................
#..............#


You could see Urug and an acid dragon (catching breath).

Vanquished Creatures
  Pikel (D:7)
  Maggie (D:7)
  A kobold demonologist (D:9)
  A hornet (D:9)
  Grinder (D:4)
  Sigmund (D:6)
  A shadow (D:9)
  6 yaks
  A steam dragon (D:9)
  Menkaure (D:7)
  Edmund (D:5)
  A water moccasin (D:6)
  7 orc warriors
  An ice beast (D:5)
  2 black bears
  2 lemures (D:7)
  An ogre (D:5)
  4 centaurs
  3 phantoms
  7 kobold brigands
  3 bullfrogs
  A necrophage (D:5)
  2 scorpions
  2 killer bees (D:9)
  6 hounds
  5 orc priests
  A gnoll bouda (D:9)
  2 iguanas (D:5)
  A hell rat (Sewer)
  6 orc wizards
  13 gnolls
  5 adders
  A shadow imp (D:5)
  3 white imps
  2 ufetubi (D:7)
  3 worms
  3 dart slugs
  23 orcs
  8 endoplasms
  5 giant cockroaches
  10 goblins
  4 hobgoblins
  10 jackals
  35 kobolds
  4 quokkas
  8 ball pythons
  6 bats
  4 frilled lizards
  11 rats
231 creatures vanquished.

Notes
Turn   | Place    | Note
-------+----------+-------------------------------------------
     0 | D:1      | HoaS the Gargoyle Hunter began the quest for the Orb.
     0 | D:1      | Reached XP level 1. HP: 12/12 MP: 1/1
   152 | D:1      | Reached XP level 2. HP: 17/17 MP: 2/2
   518 | D:1      | Reached XP level 3. HP: 21/21 MP: 3/3
   646 | D:1      | Reached skill level 5 in Ranged Weapons
   801 | D:2      | Identified the +0 whip of Crystal {flame, rPois rC+ Int+4}
   913 | D:2      | Found Kemoomu's Armour Boutique.
   960 | D:2      | Reached XP level 4. HP: 26/26 MP: 4/4
  1572 | D:3      | Reached skill level 6 in Ranged Weapons
  1596 | D:3      | Reached XP level 5. HP: 26/30 MP: 5/5
  1761 | D:3      | Found a glowing drain.
  1765 | Sewer    | Entered a sewer
  1899 | Sewer    | Reached skill level 7 in Ranged Weapons
  2044 | D:3      | Reached XP level 6. HP: 35/35 MP: 6/6
  2440 | D:3      | Found a faded altar of an unknown god.
  2749 | D:4      | Noticed Grinder
  2780 | D:4      | Killed Grinder
  2781 | D:4      | Reached skill level 8 in Ranged Weapons
  2781 | D:4      | Reached XP level 7. HP: 40/40 MP: 7/7
  2813 | D:4      | Found a staircase to the Ecumenical Temple.
  2830 | Temple   | Entered the Ecumenical Temple
  3014 | D:4      | Found an ornate altar of the Wu Jian Council.
  3405 | D:4      | Found an ancient bone altar of Kikubaaqudgha.
  3406 | D:4      | Found a radiant altar of Vehumet.
  3408 | D:4      | Found a shimmering blue altar of Sif Muna.
  3413 | D:4      | Found a broken altar of Ashenzari.
  3414 | D:4      | Got Vehumet's Vademecum on Confrontation
  3483 | D:5      | Entered Level 5 of the Dungeon
  3498 | D:5      | Reached skill level 9 in Ranged Weapons
  3592 | D:5      | Noticed Edmund
  3610 | D:5      | Killed Edmund
  3611 | D:5      | Reached XP level 8. HP: 13/44 MP: 8/8
  3863 | D:5      | Reached skill level 10 in Ranged Weapons
  4315 | D:5      | Found a runed translucent gate.
  4316 | D:5      | Found a runed translucent gate.
  4318 | D:5      | Noticed ma3's ghost (novice DjVM)
  4328 | D:5      | Found a runed translucent gate.
  4332 | D:5      | Identified the +0 chain mail of Wonder {-Tele rF+ rCorr
                  | Str+3 Dex+3}
  4961 | D:6      | Reached skill level 11 in Ranged Weapons
  5107 | D:6      | Found a glowing golden altar of the Shining One.
  5137 | D:6      | Noticed Sigmund
  5157 | D:6      | Killed Sigmund
  5271 | D:6      | Reached XP level 9. HP: 48/48 MP: 9/9
  5389 | D:6      | Reached skill level 12 in Ranged Weapons
  5655 | D:7      | Noticed Menkaure
  5670 | D:7      | Killed Menkaure
  5677 | D:7      | Found a white marble altar of Elyvilon.
  5862 | D:7      | Noticed Maggie
  5872 | D:7      | Killed Maggie
  6290 | D:7      | Reached skill level 13 in Ranged Weapons
  6565 | D:7      | Noticed Pikel
  6607 | D:7      | Killed Pikel
  6862 | D:2      | Bought a +2 helmet of see invisible for 279 gold pieces
  7048 | D:8      | Reached skill level 14 in Ranged Weapons
  7165 | D:8      | Found a flagged portal.
  7181 | Bailey   | Entered a bailey
  7280 | Bailey   | Reached XP level 10. HP: 53/53 MP: 10/10
  7611 | Bailey   | Found a bloodstained altar of Trog.
  7796 | D:8      | Found Oditaboag's Assorted Antiques.
  7797 | D:8      | Found Egroigemeke's Jewellery Shoppe.
  7800 | D:8      | Found Laxuf's Jewellery Shoppe.
  7801 | D:8      | Found Humue's Jewellery Shoppe.
  7885 | D:8      | Found an iron altar of Okawaru.
  8516 | D:9      | Found a shadowy altar of Dithmenos.
  8575 | D:9      | Reached skill level 15 in Ranged Weapons
  9072 | D:9      | Found a stormy altar of Qazlal.
  9140 | D:9      | Found a sparkling altar of Nemelex Xobeh.
  9196 | D:9      | Found a bloodstained altar of Trog.
  9196 | D:9      | Found a blossoming altar of Fedhas.
  9196 | D:9      | Found a burning altar of Makhleb.
  9196 | D:9      | Found a glowing silver altar of Zin.
  9223 | D:9      | Became a worshipper of Zin the Law-Giver
  9223 | D:9      | Reached * piety under Zin
  9647 | D:10     | Entered Level 10 of the Dungeon
  9653 | D:10     | Noticed a kobold demonologist
  9656 | D:10     | Noticed an orange demon
  9673 | D:9      | Reached skill level 1 in Invocations
  9749 | D:9      | Killed a kobold demonologist
  9853 | D:10     | Noticed Urug
 10110 | D:9      | Reached skill level 16 in Ranged Weapons
 10245 | D:10     | Killed from afar by an acid dragon

Illustrated notes

Levels and vault maps discovered:
D:1:      sevenhm_arrival_forest_fort_small_4, layout_loops_ring
D:2:      layout_basic, serial_shops, shop, nicolae_titane
D:3:      layout_basic, shapermc_ecumenical_altar_mp_vishouse,
          gup_sewer_entry_bowl, kennysheep_pointless_box
D:4:      layout_basic, grunt_temple_overflow_magic_moments,
          mainiacjoe_overflow_small_starburst, cheibrodos_ashenzari_chains,
          minmay_temple_entry_butterflies, hangedman_decor_points, uniq_grinder
D:5:      layout_cave_pods, biasface_ghost_orc_armoury, uniq_edmund
D:6:      layout_loops_cross, mainiacjoe_overflow_six_doors_small, uniq_sigmund
D:7:      layout_basic, mainiacjoe_overflow_concentric_impassable,
          kennysheep_generic_room_2, uniq_maggie, uniq_menkaure, uniq_pikel
D:8:      layout_basic, mainiacjoe_overflow_alcove_1, enter_bailey_3,
          minmay_shop_grid_forest, chequers_serial_rivers_micro_e
D:9:      layout_irregular_city, mainiacjoe_overflow_24_doors,
          chequers_temple_overflow_statue_of_worship,
          mainiacjoe_overflow_catwalk, nicolae_qazlal_general_emergency
D:10:     layout_rooms, hangedman_abyss_or_decor_jellyfish_corner, uniq_urug,
          uniq_lodul
Temple:   nicolae_temple_bog_church

Skill      XL: |  1  2  3  4  5  6  7  8  9 10 |
---------------+-------------------------------+-----
Ranged Weapons | 5 6 7 8 9 11 14 16 | 16.0
Invocations    | 3 |  3.2
Dodging        | 2 |  2.0
Fighting       | |  2.7
Stealth        | |  1.1

Action                     |  1- 3 |  4- 6 |  7- 9 | 10-12 || total
---------------------------+-------+-------+-------+-------++-------
   Fire: Shortbow          |   130 |   176 |   406 |   398 ||  1110
    Use: Scroll            |       |    13 |     9 |     1 ||    23
         Potion            |       |     1 |     1 |     4 ||     6
 Armour: Leather armour    |    40 |    43 |    70 |   113 ||   266
  Dodge: Dodged            |    51 |    55 |    99 |   216 ||   421

Table legend: (Time is in decaauts)
 A = Elapsed time spent in this place.
 B = Non-inter-level travel time spent in this place.
 C = Inter-level travel time spent in this place.
 D = Time resting spent in this place.
 E = Time spent auto-exploring this place.
 F = Levels seen in this place.
 G = Mean time per level.
                   A        B        C        D        E       F      G
               +--------+--------+--------+--------+--------+-----+--------+
         Total |  10196 |   9677 |    519 |   2259 |   5627 |  13 |  784.3 |
       Dungeon |   9366 |   8853 |    513 |   1945 |   5320 |  10 |  936.6 |
        Temple |    183 |    177 |      6 |      0 |    169 |   1 |  183.0 |
         Sewer |    199 |    199 |      0 |    100 |     49 |   1 |  199.0 |
        Bailey |    446 |    446 |      0 |    213 |     88 |   1 |  446.0 |
               +--------+--------+--------+--------+--------+-----+--------+

Top non-repeatable levels by time:
     D:9: 1562 daAuts
     D:5: 1368 daAuts
     D:7: 1232 daAuts
     D:8: 989 daAuts
     D:3: 932 daAuts
     D:2: 842 daAuts
     D:1: 807 daAuts
     D:6: 774 daAuts
     D:4: 739 daAuts
  Bailey: 446 daAuts
   Sewer: 199 daAuts
  Temple: 183 daAuts
    D:10: 118 daAuts
